 Dungeon Crawl Stone Soup version 0.21.0-24-g2553a33 (webtiles) character file.

15626 dobroeutro the Basher (level 12, 0/77 HPs)
             Began as a Gargoyle Fighter on Jan 19, 2018.
             Was a High Priest of Okawaru.
             Slain by an enchanted long sword (17 damage)
             ... on level 13 of the Dungeon.
             The game lasted 00:21:09 (12987 turns).

dobroeutro the Basher (Gargoyle Fighter)           Turns: 12987, Time: 00:21:09

Health: 0/77       AC: 24    Str: 24    XL:     12   Next: 29%
Magic:  15/15      EV: 12    Int: 10    God:    Okawaru [*****.]
Gold:   837        SH: 12    Dex:  9    Spells: 11/11 levels left

rFire    . . .     SeeInvis +   u - +2 flail (crush)
rCold    . . .     Gourm    .   c - +1 shield
rNeg     + + .     Faith    .   C - +1 ring mail of Lilacs {Stlth+}
rPois    ∞         Spirit   .   z - +0 helmet
rElec    +         Reflect  .   G - +2 cloak {+Inv}
rCorr    .         Harm     .   y - +0 pair of gloves
MR       .....                  p - +0 pair of boots
Stlth    +.........             (no amulet)
HPRegen  0.22/turn              I - ring of positive energy
MPRegen  0.14/turn              E - ring of see invisible

@: no status effects
A: negative energy resistance 1, electricity resistance, unbreathing,
petrification resistance, rot immunity, AC +8
a: Heroism, Finesse, Renounce Religion, Evoke Invisibility


You were on level 13 of the Dungeon.
You worshipped Okawaru.
Okawaru was extremely pleased with you.
You were hungry.

You visited 2 branches of the dungeon, and saw 14 of its levels.

You collected 837 gold pieces.

Inventory:

Hand Weapons
 a - a +1 flail of protection
 u - a +2 flail of crushing (weapon)
 H - a +1 flail of holy wrath
Missiles
 x - 2 exploding tomahawks (quivered)
Armour
 b - a +0 scale mail
 c - a +1 shield (worn)
 p - a +0 pair of boots (worn)
 y - a +0 pair of gloves (worn)
 z - a +0 helmet (worn)
 C - the +1 ring mail of Lilacs (worn) {Stlth+}
   (You found it on level 7 of the Dungeon)

   It makes you more stealthy.
 G - a +2 cloak of invisibility (worn)
Jewellery
 E - a ring of see invisible (right hand)
 I - a ring of positive energy (left hand)
Wands
 i - a wand of polymorph (4)
 L - a wand of enslavement (15)
Scrolls
 g - a scroll of teleportation
 k - 5 scrolls of remove curse
 m - a scroll of magic mapping
 n - 2 scrolls of enchant armour
 r - 3 scrolls of fear
 s - 2 scrolls of random uselessness
 t - 17 scrolls of identify
 F - a scroll of enchant weapon
Potions
 d - 3 potions of might
 e - 8 potions of flight
 h - a potion of invisibility
 j - 3 potions of mutation {unknown}
 l - a potion of ambrosia {unknown}
 o - 2 potions of heal wounds
 q - a potion of agility {unknown}
 v - a potion of berserk rage {unknown}
 w - a potion of resistance {unknown}
 A - a potion of lignification {unknown}
 B - 2 potions of curing {unknown}
 D - 2 potions of magic {unknown}
 M - a potion of haste
 N - 2 potions of brilliance {unknown}
 O - a potion of degeneration {unknown}
Comestibles
 f - 20 rations


   Skills:
 + Level 9.7 Fighting
 + Level 10.9 Maces & Flails
 + Level 9.7 Armour
 + Level 6.8 Dodging
 - Level 8.5 Shields
 + Level 4.6 Invocations


You had 11 spell levels left.
You didn't know any spells.

Dungeon Overview and Level Annotations

Branches:
Dungeon (13/15)            Temple (1/1) D:5            Lair (0/6) D:8
    Orc (0/2) D:9
 Vaults: D:13-14

Altars:
Ashenzari
Cheibriados
Dithmenos
Elyvilon
Fedhas
Gozag
Hepliaklqana
Kikubaaqudgha
Makhleb
Nemelex Xobeh
Okawaru
Qazlal
Ru
Trog
Uskayaw
Wu Jian
Xom
Yredelemnul
Zin
The Shining One

Shops:
D:4 =

Annotations:
D:9 4 runed doors


Innate Abilities, Weirdness & Mutations

You are resistant to torment.
Your stone body is resilient. (AC +8)
You are immune to poison.
You resist negative energy. (rN+)
You are resistant to electric shocks. (rElec)
You can survive without breathing.
You are immune to petrification.
You are immune to rotting.


Message History

An orc warrior comes into view. It is wielding a glaive of freezing.
You miss the enchanted long sword.
The enchanted long sword is moderately damaged.
The orc warrior moves out of view.
The enchanted long sword hits you.
You hit the enchanted long sword but do no damage.
The enchanted long sword is moderately damaged.
You block the enchanted long sword's attack.
You closely miss the enchanted long sword.
The enchanted long sword is moderately damaged.
The enchanted long sword barely misses you.
The enchanted long sword hits you.
* * * LOW HITPOINT WARNING * * *
You miss the enchanted long sword.
The enchanted long sword is moderately damaged.
The enchanted long sword hits you.
* * * LOW HITPOINT WARNING * * *
You barely miss the enchanted long sword.
The enchanted long sword is moderately damaged.
The enchanted long sword hits you!
You die...

........ ......
#.... ... #K# ##K#
#(K# #(## ... #@#
#.. #.# ##.. ####
#.# #..#######..##
#.# #..##...†....#
#.#
...##.######.###.#
##....###......#.#
....####.........#
.##.# #..........#


You could see a big kobold, 2 dancing weapons and 2 kobolds.

Vanquished Creatures
  4 two-headed ogres
  2 unseen horrors
  A deep elf mage (D:12)
  An ugly thing (D:10)
  A manticore (D:12)
  Maurice (D:10)
  Psyche (D:8)
  A kobold demonologist (D:11)
  An efreet (D:13)
  4 trolls
  3 hippogriffs
  Prince Ribbit (D:9)
  A spriggan (D:8)
  6 yaks (D:9)
  A hungry ghost (D:8)
  2 wargs (D:8)
  6 orc warriors
  4 ice beasts
  3 black bears
  A necrophage (D:10)
  3 sky beasts
  The ghost of Alexvimo2000 the Cudgeler, an amateur HOBe of Trog (D:3)
  4 ogres
  A phantom (D:4)
  5 centaurs
  A crocodile (D:12)
  2 big kobolds (D:11)
  Blork the orc (D:6)
  8 bullfrogs
  A wyvern skeleton (D:12)
  3 scorpions
  7 killer bees
  4 wights (D:10)
  7 howler monkeys
  A jelly (D:7)
  5 crimson imps
  3 bullfrog zombies
  A centaur zombie (D:5)
  A quasit (D:10)
  10 orc priests
  3 bullfrog skeletons
  6 hounds
  5 centaur skeletons
  An iguana (D:5)
  14 orc wizards
  5 worker ants
  A howler monkey zombie (D:8)
  A worker ant zombie (D:10)
  2 howler monkey skeletons
  11 adders
  A gnoll (D:1)
  2 shadow imps
  3 adder skeletons
  2 worms (D:3)
  A dart slug (D:1)
  4 leopard geckos
  49 orcs
  5 giant cockroaches
  10 goblins
  7 hobgoblins
  17 jackals
  5 quokkas
  7 bats
  8 frilled lizards
  9 kobolds
  A leopard gecko skeleton (D:7)
  2 quokka skeletons
  13 rats
309 creatures vanquished.

Notes
Turn   | Place    | Note
-------+----------+-------------------------------------------
     0 | D:1      | dobroeutro the Gargoyle Fighter began the quest for the Orb.
     0 | D:1      | Reached XP level 1. HP: 14/14 MP: 1/1
    81 | D:1      | Reached skill level 3 in Maces & Flails
    81 | D:1      | Reached XP level 2. HP: 3/19 MP: 2/2
   605 | D:1      | Reached XP level 3. HP: 19/23 MP: 3/3
   956 | D:2      | Reached skill level 4 in Maces & Flails
  1046 | D:2      | Found a stormy altar of Qazlal.
  1164 | D:2      | Reached XP level 4. HP: 27/28 MP: 4/4
  1338 | D:3      | Found a burning altar of Makhleb.
  1814 | D:3      | Noticed Alexvimo2000's ghost (amateur HOBe)
  1837 | D:3      | Killed Alexvimo2000's ghost
  1837 | D:3      | Reached skill level 5 in Maces & Flails
  1837 | D:3      | Reached XP level 5. HP: 16/32 MP: 5/5
  2081 | D:4      | Found Pygergh's Jewellery Shoppe.
  2081 | D:4      | Noticed an ogre
  2090 | D:3      | Killed an ogre
  2090 | D:3      | Reached skill level 6 in Maces & Flails
  2090 | D:3      | Reached XP level 6. HP: 18/37 MP: 6/6
  2298 | D:4      | Found a blossoming altar of Fedhas.
  2337 | D:4      | Noticed a phantom
  2343 | D:4      | Killed a phantom
  2343 | D:4      | Reached skill level 7 in Maces & Flails
  2403 | D:4      | Reached XP level 7. HP: 36/41 MP: 7/7
  3215 | D:5      | Entered Level 5 of the Dungeon
  3225 | D:5      | Found a staircase to the Ecumenical Temple.
  3366 | D:5      | Reached skill level 1 in Dodging
  4148 | D:5      | Reached XP level 8. HP: 34/48 MP: 8/8
  4563 | D:5      | Found a glowing silver altar of Zin.
  4566 | D:5      | Found a snail-covered altar of Cheibriados.
  4569 | D:5      | Found a shattered altar of Ashenzari.
  5083 | D:6      | Reached skill level 5 in Fighting
  5083 | D:6      | Reached skill level 5 in Shields
  5095 | D:6      | Reached skill level 5 in Armour
  5128 | D:6      | Reached skill level 8 in Maces & Flails
  5546 | D:6      | Noticed Blork the orc
  5554 | D:6      | Killed Blork the orc
  5717 | Temple   | Entered the Ecumenical Temple
  5812 | Temple   | Became a worshipper of Warmaster Okawaru
  5880 | D:7      | Reached XP level 9. HP: 54/54 MP: 9/9
  6220 | D:7      | Got a bronze ring mail
  6231 | D:7      | Identified the +1 ring mail of Lilacs {Stlth+} (You found it on level 7 of the Dungeon)
  6564 | D:7      | Reached * piety under Okawaru
  7042 | D:8      | Found an opulent altar of Gozag.
  7111 | D:8      | Noticed Psyche
  7125 | D:8      | Killed Psyche
  7153 | D:8      | Found a staircase to the Lair.
  7422 | D:8      | Reached ** piety under Okawaru
  7422 | D:8      | Reached skill level 9 in Maces & Flails
  7422 | D:8      | Reached XP level 10. HP: 8/61 MP: 10/10
  7827 | D:8      | Noticed a two-headed ogre
  8424 | D:8      | Killed a two-headed ogre
  8628 | D:9      | Found a huge runed gate.
  8630 | D:9      | Found a huge runed gate.
  8630 | D:9      | Found a huge runed gate.
  8630 | D:9      | Found a huge runed gate.
  8726 | D:9      | Reached skill level 5 in Dodging
  8733 | D:9      | Reached *** piety under Okawaru
  8889 | D:9      | Identified the Compendium of Captivating Contamination
  8996 | D:9      | Noticed a two-headed ogre
  9007 | D:9      | Killed a two-headed ogre
  9007 | D:9      | Reached **** piety under Okawaru
  9007 | D:9      | Reached XP level 11. HP: 48/68 MP: 8/11
  9052 | D:9      | Found a staircase to the Orcish Mines.
  9075 | D:9      | Noticed Prince Ribbit
  9096 | D:9      | Killed Prince Ribbit
  9100 | D:9      | Reached skill level 10 in Maces & Flails
  9848 | D:10     | Entered Level 10 of the Dungeon
 10186 | D:10     | Noticed Maurice
 10285 | D:10     | Killed Maurice
 10285 | D:10     | Reached skill level 1 in Invocations
 11009 | D:11     | Killed an unseen horror
 11076 | D:11     | Noticed a two-headed ogre
 11092 | D:11     | Killed a two-headed ogre
 11365 | D:11     | Noticed a brown ugly thing
 11377 | D:10     | Killed a brown ugly thing
 11377 | D:10     | Reached ***** piety under Okawaru
 11444 | D:11     | Found a labyrinth entrance.
 11774 | D:11     | Found an opulent altar of Gozag.
 12052 | D:12     | Noticed a manticore
 12117 | D:12     | Noticed a deep elf mage
 12170 | D:12     | Killed a manticore
 12180 | D:12     | Killed a deep elf mage
 12180 | D:12     | Reached XP level 12. HP: 69/76 MP: 14/14
 12550 | D:13     | Noticed a two-headed ogre
 12564 | D:13     | Killed a two-headed ogre
 12576 | D:13     | Received a gift from Okawaru
 12616 | D:13     | Got a bloodstained great mace {god gift}
 12987 | D:13     | Slain by an enchanted long sword

Skill      XL: |  1  2  3  4  5  6  7  8  9 10 11 12 |
---------------+-------------------------------------+-----
Maces & Flails | 3 4 5 6 7 8 9 10 | 10.9
Dodging        | 1 2 4 5 6 |  6.8
Fighting       | 4 5 6 8 9 |  9.7
Armour         | 4 5 6 8 9 |  9.7
Shields        | 4 5 6 8 |  8.5
Invocations    | 3 4 |  4.6

Action                   |  1- 3 |  4- 6 |  7- 9 | 10-12 || total
-------------------------+-------+-------+-------+-------++-------
Melee: Flail             |   157 |   135 |   536 |   778 ||  1606
       Unarmed           |       |       |       |     8 ||     8
Invok: Heroism           |       |       |       |    10 ||    10
  Use: Scroll            |       |       |     9 |     6 ||    15
       Potion            |       |       |       |     1 ||     1
 Stab: Sleeping          |       |       |       |     2 ||     2
  Eat: Chunk             |     1 |     4 |    12 |    15 ||    32
       Ration            |       |       |     3 |     1 ||     4
Armor: Scale mail        |    90 |    73 |   223 |       ||   386
       Ring mail         |       |       |    99 |   366 ||   465
       Skin              |       |       |       |     1 ||     1
Dodge: Dodged            |    68 |    63 |   232 |   293 ||   656
Block: Shield            |    98 |    80 |   311 |   447 ||   936
